 Dungeon Crawl Stone Soup version 0.24-a0-520-g8fd06ad0bc (webtiles) character file.

Game seed: 10749502288093610168

50 Gargoyl the Skirmisher (level 3, 0/33 HPs)
             Began as a Centaur Abyssal Knight on July 24, 2019.
             Was a Follower of Lugonu.
             Slain by a large abomination (33 damage)
             ... on level 2 of the Abyss.
             The game lasted 00:01:06 (213 turns).

Gargoyl the Skirmisher (Centaur Abyssal Knight)      Turns: 213, Time: 00:01:06

Health: 0/33       AC:  4    Str: 14    XL:     3   Next: 55%
Magic:  4/4        EV:  9    Int: 11    God:    Lugonu [*.....]
Gold:   56         SH:  0    Dex:  9    Spells: 2/2 levels left

rFire    . . .     SeeInvis .   a - +2 hand axe
rCold    . . .     Gourm    .   (no shield)
rNeg     . . .     Faith    .   b - +0 leather armour
rPois    .         Spirit   .   (no helmet)
rElec    .         Reflect  .   (no cloak)
rCorr    .         Harm     .   (no gloves)
MR       .....                  (no barding)
Stlth    ..........             (no amulet)
HPRegen  0.11/turn              (no ring)
MPRegen  0.09/turn              (no ring)

@: very quick
A: large, hooves 3, deformed body, speed 2, tough skin 3
a: Depart the Abyss, Renounce Religion


You were on level 2 of the Abyss.
You worshipped Lugonu.
Lugonu was aware of your devotion.
You were not hungry.

You visited 0 branches of the dungeon, and saw 0 of its levels.
You visited the Abyss 1 time.

You collected 56 gold pieces.

Inventory:

Hand Weapons
 a - a +2 hand axe (weapon)
Armour
 b - a +0 leather armour (worn)
Wands
 e - a wand of paralysis (9)
Scrolls
 d - a scroll of torment {unknown}
Comestibles
 c - a ration


   Skills:
 + Level 4.0 Fighting
 + Level 2.1 Axes
 + Level 1.7 Armour
 + Level 0.6 Dodging
 + Level 2.3 Invocations
   Level 0.2 Evocations


You had 2 spell levels left.
You didn't know any spells.
Your spell library was empty.

Dungeon Overview and Level Annotations

Branches:
Dungeon (0/15)

Altars:


Innate Abilities, Weirdness & Mutations

You have hooves in place of feet.
Armour fits poorly on your strangely shaped body.
You cover ground very quickly.
You have extremely tough skin. (AC +3)


Message History

Okay, then.
Aiming: Iceblast
Press: ? - help, Shift-Dir - straight line, f/p - large abomination
Aim: a large abomination (lightly damaged)
The mass of ice explodes!
The iceblast engulfs the large abomination but does no damage.
The large abomination is lightly damaged.
The now-empty wand crumbles to dust.
You stop training Evocations.
Found a scroll labeled WULIWUENGA.
A tentacled starspawn comes into view.
You see here a scroll labeled WULIWUENGA.
d - a scroll labeled WULIWUENGA An eye of draining comes into view.
The eye of draining turns its gaze towards you.
Found a fluorescent wand.
You see here a wand of paralysis (9).
e - a wand of paralysis (9)
The large abomination hits you!!
Ouch! That really hurt!
You die...

≈≈ ≈≈≈≈♣≈..##
≈≈≈≈≈....#. #.####
≈≈≈≈≈#≈≈≈..#.#...
≈≈♣≈≈≈≈≈≈≈#.#... ≈
≈≈≈≈≈≈♣#.#..# ##
.X .....#....##..#
###..#
#....##@...# ..
..###....#X##.##
..##.X....#.....##
.##...#....#####
..##..##....#
.#...##.#.#.. #
..####.......#.#
#.. #..#..###.##
......§.## ##


You could see a large abomination.

Vanquished Creatures
  A small abomination (Abyss:2)
1 creature vanquished.

Notes
Turn   | Place    | Note
-------+----------+-------------------------------------------
     0 | Abyss:1  | Gargoyl the Centaur Abyssal Knight began the quest for the
                  | Orb.
     0 | Abyss:1  | Reached XP level 1. HP: 19/19 MP: 2/2
     2 | Abyss:1  | Found a corrupted altar of Lugonu.
   101 | Abyss:2  | Found a corrupted altar of Lugonu.
   164 | Abyss:2  | Noticed a small abomination
   177 | Abyss:2  | Noticed a large abomination
   181 | Abyss:2  | Killed a small abomination
   181 | Abyss:2  | Reached skill level 4 in Fighting
   181 | Abyss:2  | Reached XP level 2. HP: 27/27 MP: 3/3
   182 | Abyss:2  | Reached XP level 3. HP: 33/33 MP: 4/4
   202 | Abyss:2  | Noticed a tentacled starspawn
   209 | Abyss:2  | Noticed an eye of draining
   213 | Abyss:2  | Slain by a large abomination

Levels and vault maps discovered:
Abyss:2

Skill      XL: |  1 |
---------------+----+-----
Fighting       | 4 |  4.0
Axes           | 2 |  2.1
Armour         | |  1.7
Dodging        | |  0.6
Invocations    | |  2.3
Evocations     | |  0.2

Action                   || total
-------------------------++-------
Evoke: Wand              ||     7
  Use: Scroll            ||     2

Table legend:
 A = Non-vault XP
 B = Vault XP
 C = Vault XP percentage of total XP
 D = Non-vault monster count
 E = Vault monster count
 F = Vault count percentage of total count
                 A         B        C        D         E       F
            +---------+---------+-------+---------+---------+-------
      Total |      72 |       0 |   0.0 |       1 |       0 |   0.0
            +---------+---------+-------+---------+---------+-------
    Abyss:2 |      72 |       0 |   0.0 |       1 |       0 |   0.0
            +---------+---------+-------+---------+---------+-------
